 Dungeon Crawl Stone Soup version 0.29.1-13-g9f3cf754e1 (webtiles) character file.

Game seed: 1182570078809325998

219 H0rd4k the Charlatan (level 5, -3/36 HPs)
             Began as an Octopode Artificer on Feb 2, 2023.
             Slain by a lemure (6 damage)
             ... led by Pikel
             ... on level 4 of the Dungeon.
             The game lasted 00:03:06 (3493 turns).

H0rd4k the Charlatan (Octopode Artificer)           Turns: 3493, Time: 00:03:07

Health: -3/36      AC:  1    Str: 11    XL:     5   Next: 96%
Magic:  9/9        EV: 13    Int: 15    God:
Gold:   143        SH:  0    Dex: 13    Spells: 8/10 levels left

rFire   . . .      SeeInvis .     - Unarmed
rCold   . . .      Faith    .   (no shield)
rNeg    . . .      Spirit   .   (helmet restricted)
rPois   .          Reflect  .   (no amulet)
rElec   .          Harm     .   (no ring)
rCorr   .          Rampage  .   (no ring)
Will    .....                   (no ring)
Stlth   +++.......              (no ring)
HPRegen 0.12/turn               (no ring)
MPRegen 0.11/turn               (no ring)
                                (no ring)
                                (no ring)

@: no status effects
A: almost no armour, amphibious, 8 rings, camouflage 1, gelatinous body 1,
(nimble swimmer 1), tentacles
a: no special abilities


You were on level 4 of the Dungeon.
You visited 1 branch of the dungeon, and saw 4 of its levels.

You collected 143 gold pieces.

Inventory:

Missiles
 j - 7 poisoned darts
 n - 5 atropa-tipped darts
Wands
 b - a wand of flame (11) (quivered)
 c - a wand of charming (8)
 d - a wand of iceblast (1)
Scrolls
 a - 3 scrolls of identify {unknown}
 e - 2 scrolls of blinking {unknown}
 i - a scroll of silence {unknown}
 k - a scroll of amnesia {unknown}
 m - a scroll of teleportation {unknown}
 o - a scroll of immolation {unknown}
 p - a scroll of noise {unknown}
 r - a scroll of poison {unknown}
 s - a scroll of enchant armour {unknown}
Potions
 f - a potion of haste {unknown}
 g - a potion of invisibility {unknown}
 h - a potion of curing {unknown}
 l - a potion of flight {unknown}
 q - a potion of brilliance {unknown}


   Skills:
 + Level 3.0 Fighting
 - Level 2.3 Dodging
 - Level 1.3 Stealth
 - Level 2.3 Unarmed Combat
 * Level 3.0 Spellcasting
 * Level 1.8 Poison Magic
 - Level 3.2 Evocations


You had 8 spell levels left.
You knew the following spells:

 Your Spells              Type           Power      Damage    Failure   Level
a - Poisonous Vapours     Pois/Air       8%         N/A       22%         2

Your spell library contained the following spells:

 Spells                   Type           Power      Damage    Failure   Level
 Corpse Rot               Necr/Pois/Air  4%         N/A       83%         4
 Freezing Cloud           Conj/Ice/Air   1%         6-21      99%         5
 Simulacrum               Ice/Necr       1%         N/A       100%        6
 Polar Vortex             Ice            1%         N/A       100%        9


Dungeon Overview and Level Annotations

Branches:
Dungeon (4/15)
 Temple: D:4-7

Altars:

Annotations:
D:4 Pikel


Innate Abilities, Weirdness & Mutations

You cannot wear most types of armour.
You are amphibious.
You can wear up to eight rings at the same time.
Your skin changes colour to match your surroundings (Stealth+).
Your rubbery body absorbs attacks. (AC +1, EV +1)
((You are camouflaged when in or above water. (Stealth+)))
You have tentacles for arms and can constrict up to eight enemies at once.


Message History

Your Spellcasting skill increases to level 3!
Found a flail.
No target in view!
You now have 143 gold pieces (gained 9).
Found a falchion.
No target in view!
Found a stone staircase leading down.
No target in view!
A lemure comes into view.
Pikel and a lemure come into view.
Pikel is wielding a +1 whip of flaming.
Found a scroll labelled SESHAOB TAIJOX.
The lemure shouts! x2
Pikel moves out of view.
A lemure comes into view.
The lemure attacks as you move away! The lemure misses you.
A lemure comes into view.
The lemure attacks as you move away! The lemure hits you!
You closely miss Pikel.
The lemure shouts!
You grab Pikel. You squeeze Pikel, but do no damage.
You constrict Pikel, but do no damage.
You hear a shout!
Pikel barely misses you. The lemure closely misses you.
Aiming: Charm
Press: ? - help, Shift-Dir - straight line, f - lemure
Aim: a lemure (chance to affect: 57%)
The lemure resists with significant effort.
You constrict Pikel.
Pikel hits you with a +1 whip of flaming!
Pikel burns you. The lemure hits you.
Aiming: Charm
Press: ? - help, Shift-Dir - straight line, f - Pikel, p - lemure
Aim: Pikel, wielding a +1 whip of flaming and wearing a +0 robe (lightly wounded, constricted by you, chance to affect: 57%) Pikel resists with significant effort.
You constrict Pikel, but do no damage.
Pikel hits you with a +1 whip of flaming!
* * * LOW HITPOINT WARNING * * *
Pikel burns you.
* * * LOW HITPOINT WARNING * * *
The lemure hits you.
You die...

#.###....#### #.# #.
#)...#########.######
#.
#..........5........#
###.
#.#.####.#####..5.....
.......#.# #.#
#....?... #.#####.#
#.# #5####.#.
#.......# #5# #.# .#
#..###### #5#####.## .
#..# #.@K55.... #..###
#######.## #....#
#.##.# ### #.##.#
#..... #..#.#
#.##.##.#.#
####....########
#.##.##.#^#
.....#....)....#
#.##.##.#.#
####....######.#
#.##.##.#.#


You could see Pikel and 4 lemures.

Vanquished Creatures
  Natasha (twice) (D:2)
  An iguana (D:4)
  3 gnolls (D:3)
  An adder (D:3)
  An ufetubus (D:4)
  2 worms (D:3)
  4 dart slugs
  3 orcs
  2 endoplasms (D:1)
  4 giant cockroaches
  15 goblins
  8 hobgoblins
  3 jackals (D:3)
  2 quokkas (D:1)
  5 ball pythons
  3 bats
  A frilled lizard (D:1)
  5 kobolds
  3 rats
68 creatures vanquished.

Vanquished Creatures (collateral kills)
  A gnoll (D:3)
  A goblin (D:2)
  A rat (D:3)
3 creatures vanquished.

Vanquished Creatures (others)
  Robin (D:2)
  An adder (D:3)
2 creatures vanquished.

Grand Total: 73 creatures vanquished

Notes
Turn   | Place    | Note
-------+----------+-------------------------------------------
     0 | D:1      | H0rd4k the Octopode Artificer began the quest for the Orb.
     0 | D:1      | Reached XP level 1. HP: 13/13 MP: 1/1
   201 | D:1      | Reached skill level 1 in Spellcasting
   201 | D:1      | Reached XP level 2. HP: 13/18 MP: 3/3
   724 | D:1      | Reached XP level 3. HP: 24/24 MP: 5/5
  1279 | D:2      | Noticed Robin
  1304 | D:2      | Found a faded altar of an unknown god.
  1327 | D:2      | Noticed Natasha
  1362 | D:2      | Your ally Robin died
  1363 | D:2      | Killed Natasha
  1364 | D:2      | Reached skill level 1 in Unarmed Combat
  1364 | D:2      | Reached XP level 4. HP: 13/29 MP: 5/7
  1858 | D:2      | Noticed Natasha
  1861 | D:2      | Killed Natasha
  1969 | D:3      | Reached XP level 5. HP: 24/35 MP: 8/8
  2530 | D:3      | Learned a level 2 spell: Poisonous Vapours
  2722 | D:3      | Reached skill level 1 in Poison Magic
  3476 | D:4      | Noticed a lemure
  3478 | D:4      | Noticed Pikel
  3478 | D:4      | Noticed a lemure
  3479 | D:4      | Noticed a lemure
  3489 | D:4      | Noticed a lemure
  3493 | D:4      | Slain by a lemure

Illustrated notes

Levels and vault maps discovered:
D:1:      dpeg_arrival_pond, layout_rooms, serial_curves, eino_curves_02,
          eino_curves_04, palyth_stone_intersect, minmay_door_square
D:2:      layout_loops_cross, ebering_ecumenical_altar_sacrificial,
          minmay_misc_feat_iff, grunt_ministairs_12, minmay_pentomino_z4,
          uniq_natasha, uniq_robin
D:3:      layout_rooms, kennysheep_generic_room_8
D:4:      layout_loops_ring, uniq_pikel

Skill      XL: |  1  2  3  4  5 |
---------------+----------------+-----
Spellcasting   | 1 2 3 |  3.0
Fighting       | 2 3 |  3.0
Unarmed Combat | 1 2 |  2.3
Poison Magic   | 1 |  1.8
Dodging        | |  2.3
Stealth        | |  1.3
Evocations     | |  3.2

Action                   |  1- 3 |  4- 6 || total
-------------------------+-------+-------++-------
Melee: Unarmed           |    70 |    82 ||   152
       Tentacles         |    23 |    19 ||    42
       Constrict         |    27 |    22 ||    49
       Punch             |     1 |     2 ||     3
Evoke: Wand              |     4 |    11 ||    15
 Stab: Sleeping          |     5 |     5 ||    10
Armor: Skin              |     8 |     4 ||    12
Dodge: Dodged            |    46 |    45 ||    91
